Map: Rainfall LE

Players

lorimbo - Winner!

  • Race: Zerg Zerg
  • League: Grandmaster
  • Spawn Location: 5:00

Elazer

  • Race: Zerg Zerg
  • League: Master
  • Spawn Location: 11:00

VOD

Have the link to the VOD?

Description

Time

  • Played on: July 3, 2026, 12:04 p.m.
  • Length: 5:36
Show
View Real Time Build Order
Export as new Build Order

lorimbo Zerg - Winner!

Build Orders: Pool First 

Get SALT Encoding   

  8  0:00  Drone  
  9  0:11  Drone  
  10  0:16  Drone  
  11  0:22  Drone  
  12  0:33  Overlord  
  12  0:41  Extractor  
  12  0:42  Drone  
  13  0:53  Drone x2  
  15  1:01  Drone  
  15  1:03  Extractor  
  15  1:10  Spawning Pool  
  14  1:13  Drone  
  15  1:22  Drone  
  16  1:35  Drone  
  17  1:46  Hatchery  
  16  1:58  Zergling x4  
  18  2:04  Metabolic Boost  
  18  2:06  Zergling x2  
  19  2:16  Overlord  
  19  2:26  Baneling Nest, Zergling x2  
  19  2:33  Zergling x2  
  20  2:41  Zergling x2  
  21  2:51  Zergling x2  
  21  3:00  Zergling x4  
  21  3:04  Queen  
  24  3:09  Zergling x2  
  25  3:13  Zergling x2  
  27  3:20  Zergling x2  
  27  3:21  Zergling x2  
  28  3:28  Zergling x2  
  29  3:35  Overlord  
  29  3:40  Zergling x4  
  31  3:42  Baneling x2  
  31  3:48  Baneling  
  30  3:50  Zergling x2  
  30  3:58  Zergling x4  
  30  4:08  Zergling x4  
  29  4:16  Zergling x2  
  29  4:21  Zergling x4  
  25  4:33  Zergling x2  
  25  4:34  Zergling x6  
  29  4:39  Baneling  
  29  4:40  Baneling  
  29  4:42  Zergling x4  
  31  4:52  Baneling  
  31  4:53  Zergling x4  
  31  4:56  Baneling  
  33  5:01  Zergling x4  
  34  5:10  Zergling x2  
  34  5:11  Zergling x2  
Show
View Real Time Build Order
Export as new Build Order

Elazer Zerg 

Build Orders: Hatch First 

Get SALT Encoding   

  8  0:00  Drone  
  9  0:09  Drone  
  10  0:16  Drone  
  11  0:22  Drone  
  12  0:32  Overlord  
  12  0:38  Extractor, Drone  
  13  0:50  Drone x2  
  15  1:10  Hatchery  
  14  1:14  Drone  
  14  1:17  Drone  
  16  1:21  Drone  
  17  1:35  Spawning Pool  
  17  1:38  Drone  
  17  1:42  Drone  
  17  1:47  Extractor  
  17  1:50  Drone  
  18  2:00  Drone  
  19  2:09  Overlord  
  19  2:20  Drone  
  19  2:22  Queen x2  
  24  2:29  Zergling x2  
  25  2:30  Zergling x2  
  25  2:34  Drone  
  27  2:40  Drone  
  28  2:45  Drone  
  29  2:53  Drone  
  29  3:01  Queen  
  29  3:04  Overlord  
  31  3:10  Overlord  
  31  3:22  Drone x5  
  36  3:30  Zergling x8  
  36  3:31  Evolution Chamber  
  36  3:33  Zergling x2  
  40  3:37  Evolution Chamber  
  38  3:43  Evolution Chamber  
  38  3:44  Zergling x2  
  38  3:46  Zergling x2  
  35  3:57  Zergling x8  
  31  4:04  Zergling x4  
  31  4:09  Zergling x2  
  30  4:16  Zergling x2, Queen  
  27  4:26  Evolution Chamber  
  26  4:34  Queen  
  28  4:43  Evolution Chamber  
  28  4:48  Zergling x6  
  31  5:01  Zergling x8  
  31  5:04  Zergling x2  
  31  5:10  Zergling x2  
  27  5:17  Zergling x2  
Tags
 
Matchup
ZvZ
Player
Elazer
Race
Zerg
Replay Pack
hsc29
Spawn Locations
Cross Positions
Add a new tag
Caveats
  • Supply blocks, unpowered buildings, or Contaminate may cause inaccurate times.
  • Supply counts are checked every 10 seconds.